 Dungeon Crawl Stone Soup version 0.31.0-12-g77e489cdc1 (webtiles) character file.

Game seed: 11483077808491592526

566 Broodborne the Shield-Bearer (level 7, -6/54 HPs)
             Began as a Demonspawn Fighter on Mar 6, 2024.
             Was a Follower of Okawaru.
             Mangled by an ogre
             ... wielding a +0 giant spiked club
              (18 damage)
             ... on level 5 of the Dungeon.
             The game lasted 00:05:49 (3550 turns).

Broodborne the Shield-Bearer (Demonspawn Fighter)   Turns: 3550, Time: 00:05:49

Health: -6/54      AC: 12    Str: 18    XL:     7   Next: 10%
Magic:  10/10      EV:  8    Int:  9    God:    Okawaru [*.....]
Gold:   148        SH:  9    Dex: 12    Spells: 6/6 levels left

rFire   . . .        r - +10 mace of the End {venom, rC++}
rCold   + + .        i - +0 kite shield
rNeg    . . .        b - +0 scale mail
rPois   .            w - +2 hat
rElec   .            s - +0 cloak
rCorr   .            (no gloves)
SInv    .            (no boots)
Will    .....        z - amulet of the acrobat Stlth
                     (no ring)
HPRegen 0.29/turn    (no ring)
MPRegen 0.12/turn

%: acrobat
@: no status effects
A: molten scales 2, (demonic guardian 1)
a: Renounce Religion, Heroism


You were on level 5 of the Dungeon.
You worshipped Okawaru.
Okawaru was aware of your devotion.
You visited 2 branches of the dungeon, and saw 6 of its levels.

You collected 148 gold pieces.


Innate Abilities, Weirdness & Mutations

You are mostly covered in molten scales. (AC +3)
((A weak demonic guardian rushes to your aid.))


   Skills:
 - Level 4.0 Fighting
 + Level 3.3 Maces & Flails
 - Level 3.0 Polearms
 - Level 2.6 Armour
 + Level 4.6 Shields
 + Level 4.0 Invocations


You had 6 spell levels left.
You didn't know any spells.
Your spell library contained the following spells:

 Spells                   Type           Power      Damage    Failure   Level
 Foxfire                  Conj/Fire      0%         2x1d4     97%         1
 Necrotise                Necr           0%         1d4       97%         1
 Vampiric Draining        Necr           0%         2d6       100%        3
 Curse of Agony           Necr           0%         N/A       100%        5
 Plasma Beam              Fire/Air       0%         2x1d10    100%        6
 Starburst                Conj/Fire      0%         6d3       100%        6
 Martyr's Knell           Necr/Summ      Unusable   N/A       N/A         4

Inventory:

Hand Weapons
 a - a +0 trident
 l - a +1 dagger of draining
 r - the +10 mace of the End (weapon) {venom, rC++}
   (You found it on level 2 of the Dungeon)

   rC++:      It greatly protects you from cold.
Missiles
 p - 2 poisoned darts (quivered)
Armour
 b - a +0 scale mail (worn)
 c - a +0 buckler
 i - a +0 kite shield (worn)
 s - a +0 cloak (worn)
 w - a +2 hat (worn)
Magical Staves
 y - a staff of death {!a}
Jewellery
 z - an amulet of the acrobat (around neck)
Wands
 v - a wand of light (6)
 x - a wand of flame (27)
 A - a wand of iceblast (8)
Scrolls
 e - a scroll of torment {unknown}
 f - 4 scrolls of noise {unknown}
 g - a scroll of poison {unknown}
 k - 3 scrolls of blinking {unknown}
 o - 4 scrolls of identify {unknown}
 q - 2 scrolls of fear {unknown}
 t - a scroll of revelation {unknown}
 B - a scroll of teleportation {unknown}
Potions
 d - 3 potions of might
 h - a potion of mutation {unknown}
 j - a potion of berserk rage {unknown}
 m - a potion of heal wounds {unknown}
 n - a potion of cancellation {unknown}
 u - a potion of resistance {unknown}
 C - a potion of brilliance {unknown}

Dungeon Overview and Level Annotations

Branches:
Dungeon (5/15)             Temple (1/1) D:4

Altars:
Ashenzari
Cheibriados
Gozag
Hepliaklqana
Kikubaaqudgha
Makhleb
Nemelex Xobeh
Okawaru
Ru
Sif Muna
Trog
Uskayaw
Vehumet
Wu Jian
Xom

##.......###
###...##.#####
### #
#####......#
#.. # #......#
#.# # #......#
#.# # #####..#
#.# # ##.###.#
# #.....# #
#####@#
......OS.....#
.............#
.../......!..#
.............#
.............#
......(........
.....$(......##


You could see an ogre (very poisoned) and an adder.


Message History

An adder comes into view.
There are monsters nearby!
There are monsters nearby!
You barely miss the ogre.
The adder hisses angrily.
The ogre hits you with a +0 giant spiked club!!
You hit the ogre.
The ogre is lightly wounded.
The ogre hits you with a +0 giant spiked club!!
* * * LOW HITPOINT WARNING * * *
You are too injured to fight recklessly!
You are too injured to fight recklessly!
You are too injured to fight recklessly!
You are too injured to fight recklessly!
You are too injured to fight recklessly!
You are too injured to fight recklessly!
You are too injured to fight recklessly!
You are too injured to fight recklessly!
You are too injured to fight recklessly!
You are too injured to fight recklessly!
You are too injured to fight recklessly!
You are too injured to fight recklessly!
You are too injured to fight recklessly!
You are too injured to fight recklessly!
Unknown command.
Unknown command.
You thump the ogre!
The ogre is poisoned.
The ogre is severely wounded.
The ogre hits you with a +0 giant spiked club!!
You die...

Skill      XL: |  1  2  3  4  5  6 |
---------------+-------------------+-----
Polearms       | 2 3 |  3.0
Shields        | 3 4 |  4.6
Fighting       | 4 |  4.0
Maces & Flails | 1 2 3 |  3.3
Invocations    | 2 4 |  4.0
Armour         | |  2.6

Action                     |  1- 3 |  4- 6 |  7- 9 || total
---------------------------+-------+-------+-------++-------
  Melee: Trident           |   100 |       |       ||   100
         Mace              |     2 |    84 |     3 ||    89
 Armour: Scale mail        |    77 |    57 |     3 ||   137
  Dodge: Dodged            |    50 |    33 |       ||    83
  Block: Buckler           |    23 |    20 |       ||    43
         Kite shield       |       |     1 |       ||     1

Levels and vault maps discovered:
D:1:      kennysheep_arrival_seaside, layout_basic,
          hellmonk_ecumenical_altar_pennies_from_heaven
D:2:      layout_loops_ring, dilly_guarded_unrand_morg
D:3:      layout_basic, led_sif_pool, uniq_ijyb, uniq_jessica
D:4:      layout_basic, minmay_temple_entry_sparse_star
D:5:      old_forge, layout_basic
Temple:   nicolae_temple_bog_church

Notes
Turn   | Place    | Note
-------+----------+-------------------------------------------
     0 | D:1      | Broodborne the Demonspawn Fighter began the quest for the
                  | Orb.
     0 | D:1      | Reached XP level 1. HP: 18/18 MP: 1/1
    62 | D:1      | Reached skill level 2 in Polearms
   131 | D:1      | Gained mutation: You are partially covered in molten
                  | scales. (AC +2) [demonic ancestry]
   131 | D:1      | Reached XP level 2. HP: 24/24 MP: 2/2
   313 | D:1      | Found a faded altar of an unknown god.
   323 | D:1      | Reached skill level 3 in Polearms
   866 | D:2      | Noticed Natasha
   880 | D:2      | Gained mutation: You are mostly covered in molten scales.
                  | (AC +3) [demonic ancestry]
   880 | D:2      | Reached XP level 3. HP: 29/29 MP: 3/3
   889 | D:2      | Killed Natasha
   890 | D:2      | Reached skill level 3 in Shields
  1016 | D:2      | Identified the +10 mace of the End {venom, rC++}
  1023 | D:2      | Noticed Natasha
  1031 | D:2      | Killed Natasha
  1032 | D:2      | Reached XP level 4. HP: 36/37 MP: 4/4
  1291 | D:2      | You fall into a shaft and drop 2 floors!
  1291 | D:4      | Found a staircase to the Ecumenical Temple.
  1298 | D:4      | Noticed a black bear
  1305 | D:4      | Killed a black bear
  1306 | D:4      | Reached skill level 4 in Fighting
  1306 | D:4      | Reached skill level 1 in Maces & Flails
  1306 | D:4      | Reached XP level 5. HP: 40/42 MP: 5/5
  1310 | Temple   | Entered the Ecumenical Temple
  1326 | Temple   | Became a worshipper of Warmaster Okawaru
  1721 | D:3      | Noticed Ijyb
  1731 | D:3      | Killed Ijyb
  1732 | D:3      | Reached skill level 4 in Shields
  1878 | D:3      | Reached skill level 1 in Invocations
  1920 | D:3      | Noticed Jessica
  1928 | D:3      | Killed Jessica
  1929 | D:3      | Reached skill level 2 in Maces & Flails
  2229 | D:3      | Found a shimmering blue altar of Sif Muna.
  2316 | D:2      | Reached skill level 2 in Invocations
  2493 | D:2      | Noticed Natasha
  2496 | D:2      | Killed Natasha
  2497 | D:2      | Reached XP level 6. HP: 48/48 MP: 7/7
  2529 | D:2      | Identified the +1 dagger of Osiur {pain, rF+ rC+}
  2746 | D:4      | Reached skill level 3 in Invocations
  3351 | D:5      | Entered Level 5 of the Dungeon
  3366 | D:5      | Reached skill level 3 in Maces & Flails
  3443 | D:5      | Reached * piety under Okawaru
  3444 | D:5      | Reached skill level 4 in Invocations
  3444 | D:5      | Gained mutation: A weak demonic guardian rushes to your
                  | aid. [demonic ancestry]
  3444 | D:5      | Reached XP level 7. HP: 49/54 MP: 8/10
  3550 | D:5      | Mangled by an ogre

Vanquished Creatures
  2 black bears (D:4)
  2 scorpions (D:5)
  An orc priest (D:4)
  A sleepcap (D:5)
  Jessica (D:3)
  Natasha (thrice) (D:2)
  Ijyb (D:3)
  2 adders
  A dart slug (D:2)
  2 ribbon worms
  3 orcs
  A bat skeleton (D:2)
  A bat zombie (D:2)
  6 endoplasms
  3 giant cockroaches
  8 goblins
  4 hobgoblins
  2 jackals (D:1)
  2 quokkas
  5 ball pythons
  2 ball python zombies (D:2)
  5 bats
  2 frilled lizards (D:3)
  6 kobolds
  2 quokka skeletons (D:2)
  5 rats
73 creatures vanquished.

Table legend: (Time is in decaauts)
 A = Elapsed time spent in this place.
 B = Non-inter-level travel time spent in this place.
 C = Inter-level travel time spent in this place.
 D = Time resting spent in this place.
 E = Time spent auto-exploring this place.
 F = Levels seen in this place.
 G = Mean time per level.
                   A        B        C        D        E       F      G
               +--------+--------+--------+--------+--------+-----+--------+
         Total |   3617 |   3450 |    167 |      7 |   2843 |   6 |  602.8 |
       Dungeon |   3584 |   3433 |    151 |      7 |   2843 |   5 |  716.8 |
        Temple |     32 |     16 |     16 |      0 |      0 |   1 |   32.0 |
               +--------+--------+--------+--------+--------+-----+--------+

Top non-repeatable levels by time:
     D:4: 903 daAuts
     D:2: 859 daAuts
     D:1: 825 daAuts
     D:3: 792 daAuts
     D:5: 202 daAuts
  Temple: 32 daAuts

Table legend:
 A = Non-vault XP
 B = Vault XP
 C = Vault XP percentage of total XP
 D = Non-vault monster count
 E = Vault monster count
 F = Vault count percentage of total count
                 A         B        C        D         E       F
            +---------+---------+-------+---------+---------+-------
      Total |     522 |     287 |  35.5 |      61 |      12 |  16.4
            +---------+---------+-------+---------+---------+-------
        D:1 |      39 |       0 |   0.0 |      23 |       0 |   0.0
        D:2 |     109 |      45 |  29.2 |      16 |       7 |  30.4
        D:3 |      19 |      70 |  78.7 |      10 |       2 |  16.7
        D:4 |     315 |       0 |   0.0 |      11 |       0 |   0.0
        D:5 |      40 |     172 |  81.1 |       1 |       3 |  75.0
            +---------+---------+-------+---------+---------+-------
